 Dungeon Crawl Stone Soup version 0.30-a0-367-g839099abd5 (webtiles) character file.

Game seed: 16846849745650748736

125 MrRokkomies the Insei (level 5, -3/44 (45) HPs)
             Began as a Meteoran Transmuter on Nov 18, 2022.
             Slain by Crazy Yiuf
             ... wielding a +2 quarterstaff of chaos
              (5 damage)
             ... on level 3 of the Dungeon.
             The game lasted 00:02:51 (1052 turns).

MrRokkomies the Insei (Meteoran Transmuter)         Turns: 1052, Time: 00:02:51

HP:   -3/44 (45)    AC:  2    Str: 12    XL:     5   Next: 57%
MP:   10/10         EV: 13    Int: 14    God:
Gold: 60            SH:  0    Dex: 16    Spells: 3/9 levels left

rFire   . . .      SeeInvis .      - Unarmed
rCold   . . .      Faith    .    (no shield)
rNeg    . . .      Spirit   .    a - +0 robe
rPois   .          Reflect  .    (helmet currently unavailable)
rElec   .          Harm     .    (no cloak)
rCorr   .          Rampage  .    (no gloves)
Will    .....                    (boots currently unavailable)
Stlth   +.........               (no amulet)
HPRegen 0.27/turn                (no ring)
MPRegen 0.12/turn                (no ring)

@: appendages, glowing, lightly drained
A: horns 2, talons 2, sense surroundings 1, otherworldly, glowing, explore regen
a: End Transformation


You were on level 3 of the Dungeon.
You had temporarily grown beastly horns and talons.
You visited 1 branch of the dungeon, and saw 3 of its levels.

You collected 60 gold pieces.

Inventory:

Missiles
 i - 2 boomerangs
Armour
 a - a +0 robe (worn)
Scrolls
 c - a scroll of enchant weapon
 d - a scroll of identify
Potions
 b - a potion of lignification
 f - a potion of resistance


   Skills:
 * Level 3.0 Fighting
 + Level 3.4 Dodging
 * Level 4.9 Unarmed Combat
 - Level 2.6 Spellcasting
 + Level 3.2 Transmutations


You had 3 spell levels left.
You knew the following spells:

 Your Spells              Type           Power      Damage    Failure   Level
a - Beastly Appendage     Tmut           20%        N/A       6%          1
b - Wereblood             Tmut           10%        N/A       9%          2
c - Spider Form           Tmut/Pois      6%         N/A       34%         3

Your spell library contained the following spells:

 Spells                   Type           Power      Damage    Failure   Level
 Ice Form                 Ice/Tmut       6%         N/A       75%         4


Dungeon Overview and Level Annotations

Branches:
Dungeon (3/15) Zot: 754

Altars:

Annotations:
D:3 Crazy Yiuf


Innate Abilities, Weirdness & Mutations

You have temporarily grown beastly horns and talons.
You passively map a small area around you.
You are easily found by Zot.
You glow in the dark.
You regain HP and MP as you explore.


Message History

Casting: Beastly Appendage (safe; 6% risk of failure)
Confirm with . or Enter, or press ? or * to list all spells.
You grow a pair of large bovine horns.
Your feet morph into talons.
You open the door. You completely miss Crazy Yiuf.
Crazy Yiuf hits you with a +2 quarterstaff of chaos!
Crazy Yiuf freezes you.
You hit Crazy Yiuf. You claw Crazy Yiuf.
Crazy Yiuf is moderately wounded.
Crazy Yiuf barely misses you.
You hit Crazy Yiuf but do no damage.
Crazy Yiuf is moderately wounded.
Crazy Yiuf closely misses you.
You hit Crazy Yiuf.
Crazy Yiuf is moderately wounded.
Crazy Yiuf says, "Whiteboard ena aubergine!"
Crazy Yiuf misses you.
You hit Crazy Yiuf but do no damage.
Crazy Yiuf is moderately wounded.
Crazy Yiuf hits you with a +2 quarterstaff of chaos!
Crazy Yiuf freezes you!
* * * LOW HITPOINT WARNING * * *
You hit Crazy Yiuf. You claw Crazy Yiuf.
Crazy Yiuf is severely wounded.
You barely miss Crazy Yiuf. You punch Crazy Yiuf, but do no damage.
Crazy Yiuf is severely wounded.
Crazy Yiuf closely misses you.
You hit Crazy Yiuf. Your headbutt misses Crazy Yiuf.
Crazy Yiuf is almost dead.
Crazy Yiuf hits you with a +2 quarterstaff of chaos.
* * * LOW HITPOINT WARNING * * *
You feel drained.
It was a potion of curing.
You feel better.
Crazy Yiuf hits you with a +2 quarterstaff of chaos!
* * * LOW HITPOINT WARNING * * *
Crazy Yiuf draws strength from your wounds!
You hit Crazy Yiuf. You headbutt Crazy Yiuf.
Crazy Yiuf is heavily wounded.
Crazy Yiuf hits you with a +2 quarterstaff of chaos.
You die...

* , #.##### ,,*
#†# #. , , , , #)#
#) * * * * #.# #.
*, #.# #. #######
#.# #. * ###
###.#...###)# #. *
#...##..#......#.#
#. >
#...g@####...))..#
#. #)..###
##..#.### #. ###
####.# #. #.# . ,
#.######. , *
#........ * *
######### , ,,,, ,
,,, , , *


You could see Crazy Yiuf.

Vanquished Creatures
  An orc priest (D:3)
  An orc wizard (D:3)
  2 adders
  A worm (D:2)
  3 dart slugs
  6 orcs (D:3)
  3 endoplasms
  A giant cockroach (D:2)
  5 goblins
  A hobgoblin (D:1)
  4 kobolds
  A quokka (D:1)
  4 ball pythons (D:1)
  4 bats
  A frilled lizard (D:1)
  A rat (D:1)
39 creatures vanquished.

Notes
Turn   | Place    | Note
-------+----------+-------------------------------------------
     0 | D:1      | MrRokkomies the Meteoran Transmuter began the quest for the
                  | Orb.
     0 | D:1      | Reached XP level 1. HP: 16/16 MP: 5/5
    69 | D:1      | Reached XP level 2. HP: 23/23 MP: 4/6
   315 | D:1      | Reached skill level 4 in Unarmed Combat
   317 | D:1      | Reached XP level 3. HP: 27/29 MP: 8/8
   888 | D:2      | Reached XP level 4. HP: 30/37 MP: 9/9
   947 | D:3      | Reached XP level 5. HP: 27/42 MP: 10/10
   950 | D:3      | Learned a level 2 spell: Wereblood
   954 | D:3      | Learned a level 3 spell: Spider Form
  1037 | D:3      | Found a runed translucent door.
  1038 | D:3      | Noticed Crazy Yiuf
  1051 | D:3      | HP: 2/44 [Crazy Yiuf/+2 quarterstaff of chaos (13)]
  1052 | D:3      | Slain by Crazy Yiuf

Illustrated notes

Levels and vault maps discovered:
D:1:      dpeg_arrival_central, layout_basic
D:2:      layout_basic
D:3:      layout_basic, general_overflow_altar, ebering_ghost_disaster_area,
          portal_sewer_entry_b, serial_shops, nicolae_square_shop,
          minmay_misc_feat_five, kennysheep_generic_room_14,
          uniq_crazy_yiuf_cottage, uniq_terence

Skill      XL: |  1  2  3  4  5 |
---------------+----------------+-----
Unarmed Combat | 4 |  4.9
Fighting       | 2 3 |  3.0
Dodging        | 3 |  3.4
Transmutations | 3 |  3.2
Spellcasting   | |  2.6

Action                   |  1- 3 |  4- 6 || total
-------------------------+-------+-------++-------
Melee: Unarmed           |    62 |    33 ||    95
       Headbutt          |     8 |     7 ||    15
       Kick              |    10 |    12 ||    22
       Punch             |     1 |     1 ||     2
 Cast: Beastly Appendage |    15 |     6 ||    21
  Use: Scroll            |     4 |     2 ||     6
       Potion            |       |     1 ||     1
Armor: Robe              |    13 |     1 ||    14
Dodge: Dodged            |    26 |    10 ||    36

Table legend: (Time is in decaauts)
 A = Elapsed time spent in this place.
 B = Non-inter-level travel time spent in this place.
 C = Inter-level travel time spent in this place.
 D = Time resting spent in this place.
 E = Time spent auto-exploring this place.
 F = Levels seen in this place.
 G = Mean time per level.
                   A        B        C        D        E       F      G
               +--------+--------+--------+--------+--------+-----+--------+
         Total |   1044 |   1036 |      8 |      6 |    734 |   3 |  348.0 |
       Dungeon |   1044 |   1036 |      8 |      6 |    734 |   3 |  348.0 |
               +--------+--------+--------+--------+--------+-----+--------+

Top non-repeatable levels by time:
     D:1: 466 daAuts
     D:2: 461 daAuts
     D:3: 116 daAuts
